 Dungeon Crawl Stone Soup version 0.28-a0-863-g8cecda6153 (webtiles) character file.

Game seed: 16421006990095480929

170 lunkers the Skirmisher (level 5, -1/41 HPs)
             Began as a Djinni Cinder Acolyte on Nov 15, 2021.
             Was a High Priest of Ignis.
             Slain by a gnoll (2 damage)
             ... on level 3 of the Dungeon on Nov 16, 2021.
             The game lasted 00:04:15 (3610 turns).

lunkers the Skirmisher (Djinni Cinder Acolyte)      Turns: 3610, Time: 00:04:15

Health: -1/41      AC:  3    Str: 13    XL:     5   Next: 80%
Gold:   150        EV: 11    Int: 16    God:    Ignis [*****.] SH:  0 Dex: 15

rFire   + + +      SeeInvis .   a - -1 short sword (flame)
rCold   x . .      Faith    .   (no shield)
rNeg    . . .      Spirit   .   b - +0 robe
rPois   ∞          Reflect  .   i - +0 helmet
rElec   .          Harm     .   (no cloak)
rCorr   .          Rampage  .   (no gloves)
Will    .....                   (boots unavailable)
Stlth   +.........              (no amulet)
HPRegen 0.13/turn               f - +6 ring of dexterity
MPRegen 0.00/turn               (no ring)

@: flying
A: sickness immunity, fire resistance 2, cold vulnerability 1, float, innate
caster, hp casting, extra vitality 1
a: Renounce Religion, Sea of Fire, Foxfire Swarm, Rising Flame


You were on level 3 of the Dungeon.
You worshipped Ignis.
Ignis was extremely pleased with you.
You visited 1 branch of the dungeon, and saw 3 of its levels.

You collected 150 gold pieces.

Inventory:

Hand Weapons
 a - a -1 short sword of flaming (weapon)
Armour
 b - a +0 robe (worn)
 i - a +0 helmet (worn)
Jewellery
 f - a +6 ring of dexterity (left hand)
Scrolls
 d - a scroll of magic mapping {unknown}
 e - a scroll of identify
 g - 3 scrolls of silence
 k - a scroll of teleportation {unknown}
Potions
 c - a potion of mutation
 h - a potion of lignification {unknown}
 j - a potion of curing {unknown}


   Skills:
 + Level 4.2 Fighting
 - Level 2.6 Short Blades
 * Level 4.0 Spellcasting


You had 7 spell levels left.
You knew the following spells:

 Your Spells              Type           Power      Damage    Failure   Level
a - Magic Dart            Conj           64%        1d6       3%          1
b - Blink                 Tloc           32%        N/A       4%          2
p - Scorch                Fire           32%        2d7       4%          2
Your spell library was empty.

Dungeon Overview and Level Annotations

Branches:
Dungeon (3/15)

Altars:
Hepliaklqana


Innate Abilities, Weirdness & Mutations

You are immune to sickness and miasma.
You are immune to poison.
Your flesh is very heat resistant. (rF++)
You are vulnerable to cold. (rC-)
You float through the air rather than walking.
You learn spells naturally, not from books.
Your magical power is your life essence.
You have superior vitality. (+4 HP)


Message History

Casting: Scorch (safe; 4% risk of failure)
Press: ? - help, Q - select action, (/) - cycle Dir - look around, f - activate Flames lash the gnoll.
You kill the gnoll!
Casting: Scorch (safe; 4% risk of failure)
Press: ? - help, Q - select action, (/) - cycle Dir - look around, f - activate Flames lash the gnoll shaman.
The gnoll shaman is heavily wounded.
The gnoll shaman's fire resistance burns away.
The gnoll shaman hits you with a +0 whip.
Casting: Scorch (safe; 4% risk of failure)
Press: ? - help, Q - select action, (/) - cycle Dir - look around, f - activate Flames lash the gnoll.
The gnoll is heavily wounded.
The gnoll's fire resistance burns away.
* * * LOW HITPOINT WARNING * * *
The gnoll shaman hits you with a +0 whip!
* * * LOW HITPOINT WARNING * * *
The gnoll shaman is no longer more vulnerable to fire.
The gnoll is no longer more vulnerable to fire.
The gnoll shaman calls down the wrath of its god upon you.
You resist with some effort.
The gnoll shaman invokes the aid of its god against you.
You resist with some effort.
The gnoll shaman calls upon its god to speed up the gnoll.
The gnoll seems to speed up.
The gnoll misses you.
The gnoll hits you from afar with a +0 spear.
* * * LOW HITPOINT WARNING * * *
The gnoll closely misses you. The gnoll hits you but does no damage.
The gnoll hits you from afar with a +0 spear.
* * * LOW HITPOINT WARNING * * *
The gnoll hits you from afar with a +0 spear!
* * * LOW HITPOINT WARNING * * *
As you read the scroll labelled ZAORRO QUHOD, it crumbles to dust.
It is a scroll of identify.
c - a potion of mutation The gnoll hits you from afar with a +0 spear.
You die...

.(#.........'.(.)÷.......####.#
###.........#######...........#
#......#### #..>........#
##.........# #..........##
##..........# #..........#
.g..........# ###############
##'###...#### #.........# #.#
#...#######.#######.# #.#
#......g.g.@......#.#
##_..+..#########...#..#.#
##.###..# #......<.)#.# #.#
#..# #.##.#.#..#.# #+# #..#
#.#......[#.# ...#
#.##.####.#.# ....# #.##.#
#.#.# #### #.##.####.#.#
#.........#.#


You could see a gnoll shaman and a gnoll (fast).

Vanquished Creatures
  A howler monkey (D:3)
  6 adders
  2 gnolls (D:3)
  An adder skeleton (D:2)
  2 worms
  A dart slug (D:1)
  5 ball pythons
  3 endoplasms
  A giant cockroach (D:2)
  7 goblins
  7 hobgoblins
  3 quokkas
  5 bats
  3 frilled lizards
  4 kobolds
  A rat (D:1)
52 creatures vanquished.

Notes
Turn   | Place    | Note
-------+----------+-------------------------------------------
     0 | D:1      | lunkers the Djinni Cinder Acolyte began the quest for the
                  | Orb.
     0 | D:1      | Reached XP level 1. HP: 20/20 MP: 0/0
   514 | D:1      | Reached XP level 2. HP: 22/25 MP: 0/0
   931 | D:1      | Reached XP level 3. HP: 19/30 MP: 0/0
   931 | D:1      | Learned a level 1 spell: Magic Dart
  1808 | D:2      | Reached XP level 4. HP: 26/35 MP: 0/0
  2698 | D:2      | Upgraded the game from 0.28-a0-861-ge64d6db94f to
                  | 0.28-a0-863-g8cecda6153
  3142 | D:3      | Reached XP level 5. HP: 32/41 MP: 0/0
  3142 | D:3      | Learned a level 2 spell: Blink
  3381 | D:3      | Found a hazy altar of Hepliaklqana.
  3609 | D:3      | HP: 1/41 [gnoll (9)]
  3610 | D:3      | Slain by a gnoll

Illustrated notes

Levels and vault maps discovered:
D:1:      dpeg_arrival_refuge, layout_basic
D:2:      layout_basic, minmay_pentomino_p2
D:3:      layout_basic, lemuel_doored_altar, minmay_tree_intersection,
          nicolae_concentric_dashed_squares_wild

Skill      XL: |  1  2  3  4  5 |
---------------+----------------+-----
Spellcasting   | 3 4 |  4.0
Fighting       | 4 |  4.2
Short Blades   | |  2.6

Action                   |  1- 3 |  4- 6 || total
-------------------------+-------+-------++-------
Melee: Short sword       |    61 |       ||    61
 Cast: Magic Dart        |    25 |    48 ||    73
       Scorch            |     5 |    29 ||    34
  Use: Scroll            |       |     2 ||     2
Armor: Robe              |     6 |     5 ||    11
Dodge: Dodged            |    37 |    10 ||    47

Table legend: (Time is in decaauts)
 A = Elapsed time spent in this place.
 B = Non-inter-level travel time spent in this place.
 C = Inter-level travel time spent in this place.
 D = Time resting spent in this place.
 E = Time spent auto-exploring this place.
 F = Levels seen in this place.
 G = Mean time per level.
                   A        B        C        D        E       F      G
               +--------+--------+--------+--------+--------+-----+--------+
         Total |   3607 |   3527 |     80 |      0 |   3165 |   3 | 1202.3 |
       Dungeon |   3607 |   3527 |     80 |      0 |   3165 |   3 | 1202.3 |
               +--------+--------+--------+--------+--------+-----+--------+

Top non-repeatable levels by time:
     D:2: 1617 daAuts
     D:1: 1364 daAuts
     D:3: 624 daAuts
